Map: Tokamak LE

Players

ManlyManMeat

  • Race: Protoss Protoss
  • Spawn Location: 1:00

kotgov - Winner!

  • Race: Protoss Protoss
  • League: Master
  • Spawn Location: 7:00

VOD

Have the link to the VOD?

Description

Time

  • Played on: May 16, 2025, 6:02 a.m.
  • Length: 8:05
Show
View Real Time Build Order
Export as new Build Order

ManlyManMeat Protoss 

Build Orders: Double Forge 

Get SALT Encoding   

  12  0:00  Probe  
  13  0:12  Probe  
  14  0:17  Pylon  
  14  0:26  Probe  
  14  0:34  Probe  
  15  0:38  Gateway  
  16  0:44  Probe  
  17  0:50  Assimilator  
  17  0:56  Probe  
  18  1:03  Gateway  
  18  1:08  Probe  
  19  1:22  Probe  
  20  1:25  Zealot  
  20  1:30  Cybernetics Core  
  22  1:44  Probe  
  23  1:58  Warp Gate  
  23  2:00  Nexus  
  23  2:09  Assimilator  
  23  2:38  Twilight Council  
  23  2:46  Pylon  
  23  3:04  Zealot  
  23  3:05  Zealot, Probe  
  28  3:12  Probe  
  29  3:23  Forge  
  29  3:24  Probe  
  29  3:26  Gateway  
  30  3:32  Zealot x2  
  34  3:41  Probe  
  34  3:42  Probe  
  36  3:52  Probe  
  36  3:54  Protoss Ground Weapons Level 1  
  36  3:55  Forge, Probe  
  37  3:59  Charge  
  37  4:00  Probe  
  38  4:03  Probe  
  38  4:08  Protoss Ground Armor Level 1  
  40  4:11  Pylon  
  38  4:24  Zealot  
  38  4:25  Zealot x2  
  44  4:35  Pylon  
  44  4:44  Forge  
  44  4:45  Probe x2  
  46  4:49  Pylon  
  46  4:57  Probe  
  47  5:01  Zealot x2  
  47  5:02  Zealot  
  47  5:06  Probe  
  54  5:16  Probe  
  54  5:17  Protoss Shields Level 1  
  54  5:18  Probe  
  56  5:28  Probe  
  57  5:34  Zealot x3  
  63  5:40  Probe  
  64  5:46  Gateway x2  
  64  5:48  Gateway  
  64  5:56  Zealot x2  
  64  5:57  Zealot  
  70  6:01  Pylon  
  70  6:29  Zealot x2  
  70  6:30  Zealot  
  70  6:32  Pylon  
  76  6:40  Zealot  
  78  6:47  Pylon x2  
  78  6:51  Zealot  
  78  6:52  Zealot x2  
  78  6:53  Zealot  
  86  7:10  Zealot x2  
  80  7:27  Zealot x2  
  80  7:28  Zealot x2  
  62  7:44  Zealot x2  
  54  7:52  Zealot  
  54  7:53  Zealot x3  
  54  7:55  Gateway  
  54  7:57  Gateway x2  
  54  7:58  Gateway  
  54  8:00  Gateway  
Show
View Real Time Build Order
Export as new Build Order

kotgov Protoss - Winner!

Build Orders: 1 Gate Expand 

Get SALT Encoding   

  12  0:00  Probe  
  13  0:14  Probe  
  13  0:20  Pylon  
  14  0:26  Probe  
  15  0:38  Probe  
  16  0:43  Gateway  
  16  0:50  Probe  
  17  1:00  Gateway  
  17  1:11  Probe  
  18  1:23  Zealot  
  18  1:26  Nexus  
  20  1:42  Cybernetics Core  
  20  1:53  Pylon  
  20  2:01  Zealot  
  22  2:06  Assimilator  
  22  2:26  Assimilator  
  22  2:38  Probe  
  22  2:40  Probe, Stalker  
  24  2:50  Probe  
  27  3:02  Probe  
  28  3:07  Probe  
  28  3:11  Warp Gate  
  29  3:14  Probe  
  29  3:19  Probe  
  31  3:27  Probe  
  32  3:31  Probe  
  32  3:32  Twilight Council, Stalker  
  33  3:36  Zealot  
  33  3:39  Probe  
  34  3:44  Probe  
  39  3:51  Pylon, Probe  
  40  3:56  Probe  
  40  4:01  Assimilator  
  41  4:03  Probe  
  41  4:06  Stalker x2  
  41  4:08  Probe  
  47  4:14  Blink  
  47  4:15  Probe  
  48  4:20  Probe  
  49  4:27  Probe  
  50  4:31  Shield Battery  
  50  4:32  Probe  
  51  4:39  Probe  
  51  4:44  Probe  
  53  4:47  Gateway  
  53  4:50  Gateway  
  53  4:51  Probe  
  54  4:53  Gateway  
  54  5:00  Pylon  
  54  5:03  Forge  
  54  5:05  Forge  
  54  5:14  Pylon  
  54  5:18  Pylon, Probe x2  
  56  5:27  Stalker x2  
  60  5:30  Probe x2  
  60  5:32  Protoss Ground Armor Level 1  
  62  5:38  Robotics Facility  
  62  5:41  Protoss Ground Weapons Level 1  
  63  5:42  Probe  
  63  5:54  Probe  
  64  6:02  Assimilator  
  64  6:03  Probe  
  65  6:07  Stalker x5, Probe  
  76  6:16  Probe  
  77  6:19  Probe  
  77  6:20  Charge  
  78  6:36  Probe  
  75  6:43  Sentry  
  75  6:44  Sentry  
  77  6:51  Pylon  
  77  6:52  Pylon  
  77  6:53  Pylon  
  77  7:09  Immortal  
  79  7:38  Stalker x3  
  79  7:39  Stalker x2  
  81  8:02  Stalker x4  
  81  8:03  Stalker  
Tags
 
Add a new tag
Caveats
  • Supply blocks, unpowered buildings, or Contaminate may cause inaccurate times.
  • Supply counts are checked every 10 seconds.